 Dungeon Crawl Stone Soup version 0.30-a0-930-gb9d0489357 (webtiles) character file.

Game seed: 4578425082658395525

252 Dirtsage the Chopper (level 5, 35/41 HPs)
             Began as a Demonspawn Fighter on Mar 23, 2023.
             Quit the game on level 2 of the Dungeon.
             The game lasted 00:02:17 (1018 turns).

Dirtsage the Chopper (Demonspawn Fighter)           Turns: 1018, Time: 00:02:17

Health: 35/41      AC:  8    Str: 19    XL:     5   Next: 89%
Magic:  5/5        EV:  9    Int:  9    God:
Gold:   65         SH:  4    Dex: 12    Spells: 4/4 levels left

rFire   . . .      SeeInvis .    a - +0 war axe
rCold   . . .      Faith    .    c - +0 buckler
rNeg    . . .      Spirit   .    b - +0 scale mail
rPois   .          Reflect  .    (no helmet)
rElec   .          Rampage  .    (no cloak)
rCorr   .                        (no gloves)
Will    .....                    h - +1 pair of boots Stlth
                                 (no amulet)
HPRegen 0.26/turn                (no ring)
MPRegen 0.09/turn                (no ring)

@: no status effects
A: demonic guardian 1, sturdy frame 1
a: no special abilities


You were on level 2 of the Dungeon.
You visited 1 branch of the dungeon, and saw 2 of its levels.

You collected 65 gold pieces.

Inventory:

Hand Weapons
 a - a +0 war axe (weapon)
Armour
 b - a +0 scale mail (worn)
 c - a +0 buckler (worn)
 h - a +1 pair of boots (worn)
Magical Staves
 k - a staff of earth
Scrolls
 f - 3 scrolls of teleportation {unknown}
 g - a scroll of identify {unknown}
 j - a scroll of amnesia {unknown}
 l - a scroll of brand weapon {unknown}
Potions
 d - a potion of might
 e - 2 potions of heal wounds {unknown}
 i - 2 potions of mutation {unknown}
 m - a potion of haste {unknown}


   Skills:
 - Level 3.0 Fighting
 + Level 5.7 Axes
 - Level 2.6 Armour
 - Level 2.6 Shields


You had 4 spell levels left.
You didn't know any spells.
Your spell library was empty.

Dungeon Overview and Level Annotations

Branches:
Dungeon (2/15)

Altars:
Sif Muna


Innate Abilities, Weirdness & Mutations

A weak demonic guardian rushes to your aid.
Your movements are slightly less encumbered by armour. (ER -2)


Message History

m - a bubbling white potion
i - 2 metallic red potions (gained 1)
A goblin comes into view. It is wielding a +0 dagger.
You block the goblin's attack.
You hit the goblin.
You kill the goblin!
No target in view!
No target in view!
No target in view!
You feel a little less mighty now.
A frilled lizard comes into view.
The frilled lizard hisses angrily.
An endoplasm comes into view.
The endoplasm quivers.
The frilled lizard bites you.
You closely miss the frilled lizard.
The frilled lizard bites you but does no damage.
You slash the frilled lizard!
You kill the frilled lizard!
You hit the endoplasm.
You kill the endoplasm!
No target in view!
No target in view!
No target in view!
No target in view!
Jessica the Apprentice Sorceress comes into view.
She is wielding a +0 club.
Jessica shouts!
Jessica hits you but does no damage.
You barely miss Jessica. Jessica hits you with a +0 club.
You take 5 damage, and have 36/41 hp.
You barely miss Jessica. You block Jessica's attack.
You barely miss Jessica. Jessica hits you with a +0 club.
Jessica grins evilly.
You block Jessica's attack.
You take 1 damage, and have 35/41 hp.
You barely miss Jessica. Jessica hits you but does no damage.
You slash Jessica!
You kill Jessica!
No target in view!
Are you sure you want to abandon this character and quit the game? (Confirm with "yes".)

### #################.#
#.................#
#.###############.#
#.######## #.# #.@)......
#.#
#######################.#
#.......................#
#.#######################
#.# #........>##...# #.#
#.#######......## #.# #.#
#.........#### #.#
##.#####.......).#... #.#
#.....##....._...#...


There were no monsters in sight!

Vanquished Creatures
  Sigmund (D:2)
  Jessica (D:2)
  6 ball pythons (D:1)
  2 endoplasms
  A giant cockroach (D:1)
  2 hobgoblins
  15 jackals
  2 kobolds
  A quokka (D:1)
  5 bats
  4 frilled lizards
  5 goblins
  A rat (D:1)
46 creatures vanquished.

Vanquished Creatures (collateral kills)
  An endoplasm (D:1)
1 creature vanquished.

Vanquished Creatures (others)
  A plant (D:1)
1 creature vanquished.

Grand Total: 48 creatures vanquished

Notes
Turn   | Place    | Note
-------+----------+-------------------------------------------
     0 | D:1      | Dirtsage the Demonspawn Fighter began the quest for the
                  | Orb.
     0 | D:1      | Reached XP level 1. HP: 18/18 MP: 1/1
    26 | D:1      | Reached skill level 2 in Axes
   172 | D:1      | Gained mutation: A weak demonic guardian rushes to your
                  | aid. [demonic ancestry]
   172 | D:1      | Reached XP level 2. HP: 23/24 MP: 2/2
   341 | D:1      | Reached skill level 3 in Axes
   439 | D:1      | Reached XP level 3. HP: 27/29 MP: 3/3
   872 | D:2      | Found a shimmering blue altar of Sif Muna.
   874 | D:2      | Noticed Sigmund
   880 | D:2      | Killed Sigmund
   881 | D:2      | Reached skill level 5 in Axes
   881 | D:2      | Reached XP level 4. HP: 27/35 MP: 4/4
   881 | D:2      | Gained mutation: Your movements are slightly less
                  | encumbered by armour. (ER -2) [demonic ancestry]
   881 | D:2      | Reached XP level 5. HP: 32/41 MP: 5/5
  1011 | D:2      | Noticed Jessica
  1017 | D:2      | Killed Jessica
  1018 | D:2      | Quit the game

Illustrated notes

Levels and vault maps discovered:
D:1:      lightli_arrival_lavapool, layout_basic, minmay_shallow_snake_nest
D:2:      wander_river, layout_basic, basic_altar, hangedman_decor_lopped,
          uniq_sigmund, uniq_jessica

Skill      XL: |  1  2  3 |
---------------+----------+-----
Axes           | 2 3 5 |  5.7
Fighting       | |  3.0
Armour         | |  2.6
Shields        | |  2.6

Action                     |  1- 3 |  4- 6 || total
---------------------------+-------+-------++-------
  Melee: War axe           |   129 |     9 ||   138
    Use: Potion            |     1 |       ||     1
 Armour: Scale mail        |    83 |     3 ||    86
  Dodge: Dodged            |    77 |       ||    77
  Block: Buckler           |    35 |     3 ||    38

Table legend: (Time is in decaauts)
 A = Elapsed time spent in this place.
 B = Non-inter-level travel time spent in this place.
 C = Inter-level travel time spent in this place.
 D = Time resting spent in this place.
 E = Time spent auto-exploring this place.
 F = Levels seen in this place.
 G = Mean time per level.
                   A        B        C        D        E       F      G
               +--------+--------+--------+--------+--------+-----+--------+
         Total |   1073 |   1062 |     11 |      0 |    767 |   2 |  536.5 |
       Dungeon |   1073 |   1062 |     11 |      0 |    767 |   2 |  536.5 |
               +--------+--------+--------+--------+--------+-----+--------+

Top non-repeatable levels by time:
     D:1: 762 daAuts
     D:2: 311 daAuts
